 Dungeon Crawl Stone Soup version 0.29-b1-12-g9e2288ab2a (webtiles) character file.

Game seed: 6975665108107489345

47 Zeldest the Trooper (level 3, 0/20 HPs)
             Began as a Vine Stalker Chaos Knight on Aug 23, 2022.
             Was a Plaything of Xom.
             Killed from afar by Sigmund (3 damage)
             ... with a magic dart
             ... on level 2 of the Dungeon.
             The game lasted 00:01:15 (602 turns).

Zeldest the Trooper (Vine Stalker Chaos Knight)      Turns: 602, Time: 00:01:16

Health: 0/20       AC:  6    Str: 16    XL:     3   Next: 70%
Magic:  0/4        EV:  9    Int: 12    God:    Xom [*.....]
Gold:   30         SH:  0    Dex: 13    Spells: 2/2 levels left

rFire   . . .      SeeInvis .   a - +0 short sword (chaos)
rCold   . . .      Faith    .   (no shield)
rNeg    . . .      Spirit   +   h - +0 scale mail
rPois   .          Reflect  .   (no helmet)
rElec   .          Harm     .   (no cloak)
rCorr   .          Rampage  .   (no gloves)
Will    .....                   (no boots)
Stlth   ..........              e - amulet of magic regeneration
HPRegen 0.06/turn               (no ring)
MPRegen 0.49/turn               (no ring)

@: no status effects
A: fangs 2, magic shield, antimagic bite, no potion heal 2
a: Renounce Religion


You were on level 2 of the Dungeon.
You worshipped Xom.
You were a special plaything of Xom.
You visited 1 branch of the dungeon, and saw 2 of its levels.

You collected 30 gold pieces.

Inventory:

Hand Weapons
 a - a +0 short sword of chaos (weapon)
Armour
 b - a +2 leather armour
 h - a +0 scale mail (worn)
Jewellery
 e - an amulet of magic regeneration (around neck)
Scrolls
 i - a scroll of blinking {unknown}
Potions
 d - 2 potions of mutation {unknown}
 f - a potion of degeneration {unknown}
 g - a potion of haste {unknown}
Miscellaneous
 c - a piece from Xom's chessboard (15/15) (quivered)


   Skills:
 + Level 3.2 Fighting
 - Level 2.6 Short Blades
 + Level 2.2 Armour
 + Level 1.7 Dodging


You had 2 spell levels left.
You didn't know any spells.
Your spell library was empty.

Dungeon Overview and Level Annotations

Branches:
Dungeon (1/15)

Altars:

Shops:
D:1 *

Annotations:
D:2 Sigmund


Innate Abilities, Weirdness & Mutations

You have extremely sharp teeth.
When hurt, damage is shared between your health and your magic reserves.
Your bite disrupts and absorbs the magic of your enemies.
Potions cannot restore your health.


Message History

You kill the bat!
You now have 30 gold pieces (gained 13).
A goblin comes into view. It is wielding a +0 club.
The goblin shouts!
You hear a shout! x4
You start resting.
A goblin is nearby!
You barely miss the goblin. Your bite misses the goblin.
The goblin hits you but does no damage.
You miss the goblin. The goblin hits you but does no damage.
You hit the goblin.
You kill the goblin!
You see here a +0 club.
You start resting.
A kobold comes into view. It is wielding a +0 short sword.
You barely miss the kobold. The kobold closely misses you.
You hit the kobold. You freeze the kobold.
You kill the kobold!
Xom makes a sudden noise!
You hear a strangely pleasant explosion.
You hear a shout! x5
Sigmund the Dreaded comes into view.
He is wielding a +0 scythe.
Things that are here:
a +0 short sword; a +0 ring mail You start resting.
Sigmund is nearby!
Okay, then.
Sigmund gestures at you while chanting. The puff of flame hits you.
You hit Sigmund but do no damage. Sigmund closely misses you.
You hit Sigmund.
Sigmund flickers and vanishes!
Deactivating autopickup; reactivate with Ctrl-A.
You bite something. You hit something. Something hits you!
* * * LOW HITPOINT WARNING * * *
A shower of butterflies erupts from you!
You barely miss something.
You hear some strange, mumbled words.
A magic dart appears from out of thin air!
The magic dart hits you.
You die... "What!?
That's it?"

##### ##....# .8..#
######.8..#
#.######......8..#
###.........)###...g....
#.....######b# #####.###
#....<######.# #
.........bb@.#
......##.##{#
.....##.##b#
##.##.##.##.####
##..#............
#.......####.#.#.
.#####.≈≈)~).# ##.#
.......~~~≈.## ##
#####..~~~~.#


There were no monsters in sight!

Vanquished Creatures
  Jessica (D:2)
  A worm (D:2)
  2 ball pythons (D:1)
  4 bats
  A giant cockroach (D:2)
  2 kobolds (D:2)
  A quokka (D:2)
  A ball python zombie (D:2)
  A goblin (D:2)
  A quokka zombie (D:2)
  6 rats
21 creatures vanquished.

Vanquished Creatures (others)
  3 withered plants (D:2)
3 creatures vanquished.

Grand Total: 24 creatures vanquished

Notes
Turn   | Place    | Note
-------+----------+-------------------------------------------
     0 | D:1      | Zeldest the Vine Stalker Chaos Knight began the quest for
                  | the Orb.
     0 | D:1      | Reached XP level 1. HP: 11/11 MP: 2/2
    43 | D:1      | XOM: silly message
   139 | D:1      | Found Peut Asu's General Store.
   177 | D:1      | Reached skill level 1 in Dodging
   347 | D:1      | Reached XP level 2. HP: 16/16 MP: 3/3
   374 | D:1      | XOM: divination: detect creatures
   382 | D:1      | XOM: god gift: glowing great sword {god gift}
   415 | D:1      | You fall into a shaft and drop 1 floor!
   438 | D:2      | Reached skill level 3 in Fighting
   451 | D:2      | Noticed Jessica
   469 | D:2      | Killed Jessica
   470 | D:2      | Reached XP level 3. HP: 3/20 MP: 4/4
   592 | D:2      | XOM: noise
   592 | D:2      | Noticed Sigmund
   601 | D:2      | XOM: butterfly on damage
   602 | D:2      | Killed from afar by Sigmund

Illustrated notes

Levels and vault maps discovered:
D:1:      ebering_hopf_link, layout_rooms, serial_shops, shop_fountains,
          minmay_distorted
D:2:      layout_loops_ring, serial_undead, serial_undead_b, serial_undead_e,
          serial_undead_f, serial_undead_d, serial_undead_f, serial_undead_c,
          serial_undead_c, serial_undead_b, uniq_sigmund, uniq_robin,
          uniq_jessica

Skill      XL: |  1  2 |
---------------+-------+-----
Dodging        | 1 |  1.7
Fighting       | 3 |  3.2
Armour         | 2 |  2.2
Short Blades   | |  2.6

Action                   || total
-------------------------++-------
Melee: Short sword       ||    67
       Bite              ||    16
 Stab: Petrifying        ||     1
Armor: Leather armour    ||    10
       Scale mail        ||    29
Dodge: Dodged            ||    31
